General information
- name: BNet
- type: Ladder team game (AT/RT)
- host: Battle.net
- saver: LOVE-LETTER-LAD
map: Cherryville
- players: 8
- length: 28:49
- speed: Fast
- version: 1.26 W3XP
- replay type: Public
» download(201 KB)
Players
team 1 (winner)
BloodRush (
pink | 71 APM | 2056 actions | 28:47)
5 Blademaster
2 Wind Walk
3 Critical Strike
5 Shadow Hunter
3 Healing Wave
2 Hex
» actions
| Assign group hotkey | 33 | |
| Basic commands | 237 | |
| Build / train | 76 | |
| Enter build submenu | 30 | |
| Enter hero's abilities submenu | 10 | |
| Remove unit from queue | 2 | |
| Right click | 696 | |
| Select / deselect | 501 | |
| Select group hotkey | 389 | |
| Use ability | 82 | |
2056 total
» units
| Peon | 13 | |
| Grunt | 7 | |
| Kobold Geomancer | 1 | |
| Assassin | 1 | |
| Tauren | 10 | |
| Shaman | 4 | |
| Troll Witch Doctor | 6 | |
42 total
» upgrades
| Berserker Strength | 1 | |
| Witch Doctor Training | 2 | |
| Shaman Training | 2 | |
| Reinforced Defenses | 1 | |
| Pulverize | 1 | |
| Armor | 2 | |
| Melee Weapons | 2 | |
11 total
» buildings
| Altar of Storms | 1 | |
| Orc Burrow | 11 | |
| Voodoo Lounge | 1 | |
| Barracks | 1 | |
| Stronghold | 1 | |
| War Mill | 1 | |
| Great Hall | 1 | |
| Watch Tower | 5 | |
| Spirit Lodge | 2 | |
| Fortress | 1 | |
| Tauren Totem | 2 | |
27 total
» build order
00:09 Altar of Storms
00:20 Orc Burrow
00:50 Voodoo Lounge
01:29 Barracks
01:46 Orc Burrow
02:10 Orc Burrow
03:53 Stronghold
04:44 Orc Burrow
04:49 War Mill
05:53 Orc Burrow
07:12 Great Hall
07:15 Watch Tower
07:54 Spirit Lodge
08:06 Watch Tower
08:16 Fortress
08:39 Watch Tower
09:21 Spirit Lodge
10:40 Tauren Totem
10:54 Tauren Totem
11:45 Orc Burrow
12:07 Orc Burrow
18:42 Watch Tower
20:07 Watch Tower
22:44 Orc Burrow
27:18 Orc Burrow
27:19 Orc Burrow
27:20 Orc Burrow
» items
| Healing Salve | 1 | |
| Lesser Clarity Potion | 1 | |
| Potion of Mana | 3 | |
| Orb of Lightning | 1 | |
| Scroll of Town Portal | 1 | |
7 total

»
lok0_0 (
green | 94 APM | 2710 actions | 28:47)
5 Pandaren Brewmaster
1 Breath of Fire
3 Drunken Haze
1 Drunken Brawler
4 Priestess of the Moon
2 Scout
2 Trueshot Aura
» actions
| Assign group hotkey | 17 | |
| Basic commands | 22 | |
| Build / train | 72 | |
| Enter build submenu | 23 | |
| Enter hero's abilities submenu | 9 | |
| Give item / drop item | 4 | |
| Remove unit from queue | 1 | |
| Right click | 957 | |
| Select / deselect | 501 | |
| Select group hotkey | 1028 | |
| Use ability | 76 | |
2710 total
» units
| Wisp | 25 | |
| Archer | 4 | |
| Hippogryph | 7 | |
| Chimaera | 6 | |
42 total
» upgrades
| Strength of the Wild | 3 | |
| Reinforced Hides | 3 | |
| Corrosive Breath | 1 | |
| Ultravision | 1 | |
| Well Spring | 1 | |
9 total
» buildings
| Ancient of War | 1 | |
| Moon Well | 8 | |
| Altar of Elders | 1 | |
| Tree of Life | 3 | |
| Tree of Ages | 1 | |
| Hunter's Hall | 1 | |
| Tree of Eternity | 1 | |
| Ancient of Wind | 4 | |
| Chimaera Roost | 3 | |
| Ancient of Wonders | 1 | |
24 total
» build order
00:24 Ancient of War
00:37 Moon Well
01:22 Moon Well
01:38 Altar of Elders
03:08 Tree of Life
03:54 Tree of Ages
04:04 Moon Well
04:35 Moon Well
04:47 Hunter's Hall
04:59 Moon Well
06:27 Tree of Eternity
06:42 Ancient of Wind
06:48 Ancient of Wind
08:27 Moon Well
08:29 Moon Well
08:38 Moon Well
08:57 Chimaera Roost
09:00 Chimaera Roost
09:04 Chimaera Roost
11:44 Ancient of Wonders
15:54 Tree of Life
23:29 Tree of Life
25:38 Ancient of Wind
25:41 Ancient of Wind
» items
| Circlet of Nobility | 1 | |
| Boots of Speed | 1 | |
| Periapt of Vitality | 1 | |
| Scroll of Town Portal | 4 | |
7 total

»
LOVE-LETTER-LAD (
teal | 61 APM | 1750 actions | 28:49)
8 Demon Hunter
3 Mana Burn
3 Evasion
1 Metamorphosis
1 Immolation
» actions
| Assign group hotkey | 60 | |
| Basic commands | 38 | |
| Build / train | 60 | |
| Enter build submenu | 16 | |
| Enter hero's abilities submenu | 8 | |
| Give item / drop item | 1 | |
| Remove unit from queue | 1 | |
| Right click | 726 | |
| Select / deselect | 204 | |
| Select group hotkey | 541 | |
| Use ability | 95 | |
1750 total
» units
| Wisp | 19 | |
| Goblin Shredder | 1 | |
| Chimaera | 12 | |
32 total
» upgrades
| Strength of the Wild | 3 | |
| Corrosive Breath | 1 | |
4 total
» buildings
| Moon Well | 6 | |
| Altar of Elders | 1 | |
| Tree of Ages | 1 | |
| Hunter's Hall | 1 | |
| Ancient of Wind | 1 | |
| Tree of Eternity | 1 | |
| Ancient of Wonders | 1 | |
| Chimaera Roost | 3 | |
| Tree of Life | 1 | |
| Ancient Protector | 6 | |
22 total
» build order
00:08 Moon Well
00:20 Altar of Elders
01:42 Moon Well
02:04 Tree of Ages
02:31 Hunter's Hall
04:19 Moon Well
04:20 Moon Well
04:35 Ancient of Wind
04:59 Tree of Eternity
05:09 Ancient of Wonders
06:02 Moon Well
07:21 Chimaera Roost
07:21 Chimaera Roost
07:25 Chimaera Roost
08:59 Moon Well
10:02 Tree of Life
10:05 Ancient Protector
10:08 Ancient Protector
10:35 Ancient Protector
10:36 Ancient Protector
11:05 Ancient Protector
11:05 Ancient Protector
» items
| Staff of Preservation | 1 | |
| Dust of Appearance | 1 | |
| Potion of Lesser Invulnerability | 2 | |
| Potion of Healing | 1 | |
| Scroll of Town Portal | 4 | |
| Boots of Speed | 1 | |
| Staff of Teleportation | 1 | |
11 total
pppnriot11 (
blue | 57 APM | 1652 actions | 28:46)
6 Priestess of the Moon
3 Trueshot Aura
2 Scout
1 Starfall
» actions
| Assign group hotkey | 11 | |
| Basic commands | 41 | |
| Build / train | 149 | |
| ESC pressed | 1 | |
| Enter build submenu | 33 | |
| Enter hero's abilities submenu | 6 | |
| Right click | 692 | |
| Select / deselect | 444 | |
| Select group hotkey | 54 | |
| Use ability | 221 | |
1652 total
» units
| Wisp | 99 | |
| Huntress | 5 | |
| Glaive Thrower | 25 | |
129 total
» upgrades
| Ultravision | 1 | |
| Strength of the Moon | 3 | |
| Nature's Blessing | 1 | |
| Vorpal Blades | 1 | |
| Well Spring | 1 | |
7 total
» buildings
| Moon Well | 8 | |
| Altar of Elders | 1 | |
| Hunter's Hall | 1 | |
| Ancient of War | 6 | |
| Ancient of Wonders | 1 | |
| Ancient Protector | 8 | |
| Tree of Ages | 1 | |
| Tree of Life | 2 | |
| Tree of Eternity | 1 | |
29 total
» build order
00:22 Moon Well
00:34 Altar of Elders
01:28 Hunter's Hall
01:47 Moon Well
02:06 Ancient of War
02:17 Ancient of Wonders
02:42 Ancient Protector
02:56 Ancient of War
03:06 Moon Well
04:46 Moon Well
05:31 Tree of Ages
07:18 Moon Well
07:53 Tree of Life
07:57 Ancient Protector
10:27 Ancient Protector
11:59 Ancient Protector
16:00 Ancient of War
16:02 Ancient of War
16:29 Ancient of War
16:31 Ancient of War
16:53 Ancient Protector
17:30 Ancient Protector
17:37 Ancient Protector
17:39 Ancient Protector
18:06 Moon Well
18:51 Tree of Eternity
21:33 Moon Well
25:42 Tree of Life
25:49 Moon Well
» items
| Scroll of Town Portal | 3 | |
| Orb of Venom | 1 | |
4 total
team 2 (loser)
IsLaND_ThiEF (
yellow | 58 APM | 1224 actions | 20:55)
4 Blademaster
2 Wind Walk
2 Critical Strike
4 Shadow Hunter
2 Hex
2 Healing Wave
» actions
| Assign group hotkey | 6 | |
| Basic commands | 105 | |
| Build / train | 78 | |
| ESC pressed | 3 | |
| Enter build submenu | 22 | |
| Enter hero's abilities submenu | 8 | |
| Give item / drop item | 1 | |
| Right click | 552 | |
| Select / deselect | 354 | |
| Select group hotkey | 20 | |
| Use ability | 75 | |
1224 total
» units
| Peon | 15 | |
| Grunt | 3 | |
| Spirit Walker | 1 | |
| Raider | 8 | |
| Shaman | 4 | |
| Troll Witch Doctor | 4 | |
| Kodo Beast | 1 | |
| Troll Batrider | 6 | |
42 total
» upgrades
| Shaman Training | 2 | |
| Ensnare | 1 | |
| Armor | 1 | |
| War Drums Damage Increase | 1 | |
| Melee Weapons | 1 | |
| Reinforced Defenses | 1 | |
| Witch Doctor Training | 1 | |
8 total
» buildings
| Altar of Storms | 1 | |
| Orc Burrow | 6 | |
| Voodoo Lounge | 1 | |
| Barracks | 1 | |
| Stronghold | 5 | |
| Spirit Lodge | 3 | |
| Beastiary | 1 | |
| Fortress | 6 | |
| Great Hall | 3 | |
| War Mill | 1 | |
28 total
» build order
00:10 Altar of Storms
00:20 Orc Burrow
01:22 Voodoo Lounge
01:34 Barracks
01:38 Orc Burrow
02:49 Stronghold
02:49 Stronghold
04:07 Orc Burrow
05:18 Spirit Lodge
05:23 Beastiary
05:55 Spirit Lodge
06:00 Spirit Lodge
06:09 Fortress
06:10 Fortress
06:10 Fortress
06:10 Fortress
07:12 Great Hall
07:26 War Mill
08:07 Orc Burrow
11:14 Orc Burrow
11:58 Orc Burrow
16:10 Great Hall
19:08 Stronghold
20:14 Great Hall
» items
| Healing Salve | 3 | |
| Lesser Clarity Potion | 3 | |
| Scroll of Speed | 1 | |
7 total

»
austinkirsh (
purple | 50 APM | 1434 actions | 28:47)
7 Blademaster
3 Wind Walk
3 Critical Strike
1 Bladestorm
» actions
| Basic commands | 8 | |
| Build / train | 62 | |
| Enter build submenu | 16 | |
| Enter hero's abilities submenu | 7 | |
| Give item / drop item | 10 | |
| Remove unit from queue | 2 | |
| Right click | 885 | |
| Select / deselect | 336 | |
| Use ability | 108 | |
1434 total
» units
| Peon | 15 | |
| Grunt | 5 | |
| Troll Batrider | 19 | |
| Goblin Zeppelin | 1 | |
40 total
» upgrades
| Ranged Weapons | 1 | |
| Liquid Fire | 1 | |
2 total
» buildings
| Orc Burrow | 7 | |
| Altar of Storms | 1 | |
| Barracks | 1 | |
| Voodoo Lounge | 2 | |
| Stronghold | 1 | |
| War Mill | 1 | |
| Beastiary | 3 | |
| Fortress | 1 | |
| Great Hall | 1 | |
18 total
» build order
00:12 Orc Burrow
00:37 Altar of Storms
01:07 Barracks
01:22 Orc Burrow
01:44 Voodoo Lounge
02:09 Orc Burrow
03:58 Orc Burrow
04:41 Stronghold
05:34 War Mill
07:07 Beastiary
07:12 Beastiary
07:21 Beastiary
08:18 Fortress
09:51 Orc Burrow
10:50 Orc Burrow
23:50 Voodoo Lounge
26:37 Orc Burrow
27:03 Great Hall
» items
| Healing Salve | 4 | |
| Lesser Clarity Potion | 3 | |
| Orb of Lightning | 1 | |
8 total

»
worthless_peon (
orange | 51 APM | 1056 actions | 20:49)
4 Shadow Hunter
2 Serpent Ward
2 Healing Wave
» actions
| Assign group hotkey | 19 | |
| Build / train | 62 | |
| ESC pressed | 1 | |
| Enter build submenu | 30 | |
| Enter hero's abilities submenu | 4 | |
| Right click | 421 | |
| Select / deselect | 161 | |
| Select group hotkey | 302 | |
| Use ability | 56 | |
1056 total
» units
| Peon | 14 | |
| Grunt | 15 | |
| Troll Headhunter/Berserker | 11 | |
| Shaman | 2 | |
| Troll Witch Doctor | 2 | |
44 total
» upgrades
| Melee Weapons | 2 | |
| Armor | 1 | |
| Berserker Strength | 1 | |
| Shaman Training | 2 | |
| Witch Doctor Training | 2 | |
| Berserker Upgrade | 1 | |
| Troll Regeneration | 1 | |
10 total
» buildings
| Altar of Storms | 1 | |
| Orc Burrow | 8 | |
| Barracks | 1 | |
| Voodoo Lounge | 2 | |
| War Mill | 1 | |
| Stronghold | 1 | |
| Watch Tower | 11 | |
| Great Hall | 1 | |
| Fortress | 1 | |
| Spirit Lodge | 2 | |
29 total
» build order
00:31 Altar of Storms
00:56 Orc Burrow
01:42 Orc Burrow
01:46 Barracks
01:58 Orc Burrow
03:04 Voodoo Lounge
03:32 War Mill
03:40 Orc Burrow
04:42 Stronghold
04:55 Watch Tower
05:05 Watch Tower
06:30 Great Hall
06:37 Watch Tower
06:46 Watch Tower
07:44 Watch Tower
07:52 Fortress
08:29 Watch Tower
09:02 Watch Tower
09:35 Watch Tower
10:08 Spirit Lodge
10:10 Spirit Lodge
10:21 Watch Tower
10:40 Watch Tower
11:27 Watch Tower
11:44 Voodoo Lounge
19:09 Orc Burrow
19:12 Orc Burrow
19:50 Orc Burrow
20:26 Orc Burrow
» items

»
bellaire (
red | 68 APM | 1405 actions | 20:46)
5 Keeper of the Grove
3 Entangling Roots
2 Thorns Aura
3 Priestess of the Moon
2 Trueshot Aura
1 Searing Arrows
» actions
| Assign group hotkey | 39 | |
| Basic commands | 6 | |
| Build / train | 81 | |
| Enter build submenu | 12 | |
| Enter hero's abilities submenu | 8 | |
| Give item / drop item | 5 | |
| Right click | 387 | |
| Select / deselect | 229 | |
| Select group hotkey | 582 | |
| Use ability | 56 | |
1405 total
» units
» upgrades
| Strength of the Moon | 3 | |
| Moon Armor | 2 | |
| Ultravision | 1 | |
| Improved Bows | 1 | |
| Marksmanship | 1 | |
8 total
» buildings
| Altar of Elders | 1 | |
| Moon Well | 4 | |
| Ancient of War | 1 | |
| Hunter's Hall | 1 | |
| Ancient of Wonders | 2 | |
| Tree of Ages | 1 | |
| Ancient Protector | 2 | |
| Tree of Eternity | 1 | |
13 total
» build order
00:04 Altar of Elders
00:06 Moon Well
00:51 Ancient of War
01:31 Moon Well
02:14 Hunter's Hall
02:31 Ancient of Wonders
03:55 Moon Well
04:52 Tree of Ages
05:25 Ancient Protector
06:05 Moon Well
06:47 Ancient Protector
09:50 Ancient of Wonders
10:49 Tree of Eternity
» items
| Dust of Appearance | 3 | |
| Potion of Lesser Invulnerability | 2 | |
| Healing Salve | 1 | |
| Potion of Healing | 3 | |
| Scroll of Town Portal | 2 | |
11 total
Chat log
(00:11 / Allies) BloodRush: melee
(00:14 / All) LOVE-LETTER-LAD: better not be drunk again pink
(00:25 / Allies) BloodRush: im good
(00:44 / All) LOVE-LETTER-LAD: whats an island thief yellow?
(00:45 / Allies) BloodRush: grunts tuaren caster bmc hero
(00:58 / All) IsLaND_ThiEF: you will find out
(01:00 / All) IsLaND_ThiEF: bruh
(01:10 / All) LOVE-LETTER-LAD: hey bruh i just trying to be polite
(01:18 / Allies) BloodRush: 3 ne
(01:24 / All) worthless_peon: (_)_)==========================D
(01:31 / All) LOVE-LETTER-LAD: kodo #1
(01:58 / Allies) BloodRush: i have to come up with a excuse for work tomorrow
(02:15 / Allies) LOVE-LETTER-LAD: just say you have physcological problems
(02:32 / All) BloodRush: saying I had car problems
(02:36 / Allies) BloodRush: haha
(02:41 / All) LOVE-LETTER-LAD: naw car trouble is too obvious
(03:10 / Allies) BloodRush: fucker
(03:28 / Allies) BloodRush: they comoing for ytou
(03:35 / Allies) LOVE-LETTER-LAD: wjp
(03:37 / Allies) LOVE-LETTER-LAD: who
(03:45 / Allies) LOVE-LETTER-LAD: me?
(04:07 / All) LOVE-LETTER-LAD: ISLAND thief
(04:11 / All) LOVE-LETTER-LAD: what a fabulous name
(04:21 / All) IsLaND_ThiEF: thanks bro
(04:36 / All) BloodRush: nice
(05:35 / Allies) BloodRush: fucking red
(06:03 / Allies) BloodRush: blue
(08:23 / Allies) BloodRush: coen blue
(08:27 / Allies) BloodRush: blue
(09:04 / All) IsLaND_ThiEF: omw
(10:24 / Allies) BloodRush: mpore prpotectors
(11:49 / Allies) BloodRush: tp?
(12:18 / Allies) BloodRush: wood me p;s
(12:22 / Allies) BloodRush: b
(12:25 / Allies) BloodRush: if you need ti
(12:28 / Allies) BloodRush: coming
(12:37 / Allies) BloodRush: wood me
(12:43 / Allies) BloodRush: blue
(12:48 / Allies) BloodRush: b lue
(12:49 / Allies) BloodRush: wood
(14:17 / Allies) BloodRush: tp
(14:17 / Allies) BloodRush: tp
(16:35 / Allies) BloodRush: i ned tp
(16:40 / Allies) BloodRush: \sec
(16:52 / Allies) BloodRush: shit
(16:55 / Allies) BloodRush: need a tp
(17:02 / Allies) BloodRush: meet
(17:12 / Allies) BloodRush: get aa
(17:13 / Allies) BloodRush: pls
(17:14 / Allies) BloodRush: gyus
(17:16 / Allies) BloodRush: i get the melee
(18:16 / Allies) LOVE-LETTER-LAD: hall oj
(18:28 / Allies) BloodRush: lets co
(18:45 / All) LOVE-LETTER-LAD: green u dumb nigger
(18:55 / Allies) BloodRush: can you guys wait
(18:56 / Allies) BloodRush: for me
(19:03 / Allies) BloodRush: just wait
(19:06 / Allies) BloodRush: shit
(19:26 / Allies) BloodRush: b
(19:33 / Allies) BloodRush: out
(19:34 / Allies) BloodRush: out
(19:41 / Allies) LOVE-LETTER-LAD: wtf are u idiots
(19:42 / Allies) LOVE-LETTER-LAD: doig
(19:43 / Allies) BloodRush: meet
(19:44 / Allies) BloodRush: all
(19:47 / Allies) LOVE-LETTER-LAD: green u could have took out his hall
(19:48 / Allies) LOVE-LETTER-LAD: dumb gook
(19:55 / Allies) BloodRush: just get units
(19:58 / Allies) BloodRush: and meet up
(20:18 / Allies) BloodRush: b
(20:19 / Allies) BloodRush: somce
(20:25 / Allies) BloodRush: b
(20:25 / Allies) BloodRush: b
(20:27 / Allies) BloodRush: b
(20:31 / Allies) BloodRush: g
(20:31 / Allies) LOVE-LETTER-LAD: FIGHT
(20:33 / Allies) BloodRush: go
(20:53 / All) BloodRush: GG
(21:04 / All) LOVE-LETTER-LAD: NIGGER island thief
(21:05 / All) BloodRush: GG
(21:06 / All) BloodRush: haha
(21:14 / All) BloodRush: |huh
(21:19 / All) BloodRush: and calm down
(21:27 / All) LOVE-LETTER-LAD: no, 4v4rt is life yo
(24:36 / Allies) BloodRush: So...
(26:04 / All) BloodRush: |wow
(26:05 / All) BloodRush: really
(26:21 / Allies) BloodRush: haha
(26:23 / All) BloodRush: purp
(26:24 / All) BloodRush: reallt
(28:00 / All) BloodRush: i hate you purp
(28:01 / Allies) BloodRush: Haha
(28:03 / All) BloodRush: e
(28:04 / All) BloodRush: haha
(28:08 / All) BloodRush: but still fun times
(28:12 / All) BloodRush: even though you lost
(28:16 / All) BloodRush: its fun times
(28:20 / All) BloodRush: and i am drunk
(28:25 / All) BloodRush: sorry
(28:29 / All) BloodRush: who asked that this game?
(28:34 / All) BloodRush: ive been drunk
(28:35 / All) LOVE-LETTER-LAD: me
(28:36 / Allies) BloodRush: shit
(28:38 / All) BloodRush: yep
(28:44 / All) BloodRush: i have been drinking
(28:46 / All) BloodRush: al game